 Dungeon Crawl Stone Soup version 0.24.0-125-gc4c63601f3 (webtiles) character file.

Game seed: 12325533438155067414, levelgen mode: deterministic

3258 Jerry the Carver (level 10, -1/47 HPs)
             Began as a Vine Stalker Fighter on Feb 19, 2020.
             Was a Plaything of Xom.
             Slain by a centaur warrior (4 damage)
             ... on level 8 of the Dungeon.
             The game lasted 00:49:11 (5847 turns).

Jerry the Carver (Vine Stalker Fighter)             Turns: 5847, Time: 00:49:13

Health: -1/47      AC:  9    Str: 28      XL:     10   Next: 0%
Magic:  0/11       EV: 10    Int:  7      God:    Xom [*.....]
Gold:   195        SH:  5    Dex: 12 (13) Spells: 9/9 levels left

rFire    + + .     SeeInvis .   a - +0 long sword
rCold    . . .     Gourm    .   j - +0 buckler
rNeg     + . .     Faith    .   b - +0 scale mail
rPois    .         Spirit   +   w - +1 hat of Focus {+Inv rF+ Str+9 Dex-5}
rElec    .         Reflect  .   y - +0 cloak
rCorr    .         Harm     .   (no gloves)
MR       +....                  (no boots)
Stlth    +.........             (no amulet)
HPRegen  0.55/turn              s - ring of positive energy
MPRegen  0.12/turn              (no ring)

@: lightly drained
A: fangs 3, agile 1, dopey 1, fire resistance 1, frail 1, low mp 1, regeneration
1, magic shield, antimagic bite, no potion heal 3, rot immunity, MP-powered
wands
a: Renounce Religion, Evoke Invisibility


You were on level 8 of the Dungeon.
You worshipped Xom.
You were a special plaything of Xom.
You were hungry.

You visited 1 branch of the dungeon, and saw 8 of its levels.

You collected 416 gold pieces.
You spent 221 gold pieces at shops.

Inventory:

Hand Weapons
 a - a +0 long sword (weapon)
Missiles
 u - 4 boomerangs of dispersal (quivered)
Armour
 b - a +0 scale mail (worn)
 j - a +0 buckler (worn)
 w - the +1 hat of Focus (worn) {+Inv rF+ Str+9 Dex-5}
   (Xom gifted it to you on level 4 of the Dungeon)

   It affects your strength (+9).
   It affects your dexterity (-5).
   It protects you from fire.
   It lets you turn invisible.
 y - a +0 cloak (worn)
Jewellery
 s - a ring of positive energy (left hand)
Wands
 g - a wand of paralysis (3)
 n - a wand of digging (4)
 o - a wand of iceblast (6)
 p - a wand of polymorph (8)
Scrolls
 c - a scroll of fog
 h - 4 scrolls of remove curse
 l - 3 scrolls of teleportation
 q - 4 scrolls of identify
 r - a scroll of amnesia
 t - a scroll of immolation
 v - a scroll of magic mapping
Potions
 i - 4 potions of brilliance
 m - 8 potions of curing
Comestibles
 f - 8 rations


   Skills:
 + Level 6.0(5.7) Fighting
 * Level 8.6(8.2) Long Blades
 + Level 5.4(5.1) Armour
 + Level 4.2(3.8) Stealth
 - Level 4.1(3.8) Shields
 + Level 2.7(2.4) Evocations


You had 9 spell levels left.
You didn't know any spells.
Your spell library contained the following spells:

 Spells                   Type           Power        Failure   Level  Hunger
 Corona                   Hex            #......      69%         1    ##.....
 Slow                     Hex            #.......     83%         2    ###....
 Inner Flame              Hex/Fire       #.......     96%         3    ####...
 Portal Projectile        Hex/Tloc       #.....       96%         3    ####...
 Cause Fear               Hex            #.........   100%        4    #####..
 Leda's Liquefaction      Hex/Erth       #.........   100%        4    #####..


Dungeon Overview and Level Annotations

Branches:
Dungeon (8/15)             Temple (0/1) D:4
   Lair: D:8-11

Altars:
Ashenzari
Fedhas
Uskayaw
Xom

Shops:
D:7 (


Innate Abilities, Weirdness & Mutations

You have razor-sharp teeth.
Your natural rate of healing is unusually fast.
When hurt, damage is shared between your health and your magic reserves.
Your bite disrupts and absorbs the magic of your enemies.
Potions cannot restore your health.
You are immune to rotting.
You are agile. (Dex +2)
You are dopey. (Int -2)
Your flesh is heat resistant. (rF+)
You are frail. (-10% HP)
Your magical capacity is low. (-10% MP)
You expend magic power (3 MP) to strengthen your wands.


Message History

You slash the centaur warrior!
You bite the centaur warrior, but do no damage.
The centaur warrior is severely wounded.
The centaur warrior hits you.
* * * LOW HITPOINT WARNING * * *
The centaur warrior hits you but does no damage.
You hit the centaur warrior. You bite the centaur warrior. You drain its power.
You feel invigorated.
The centaur warrior is almost dead.
The centaur warrior completely misses you.
You riposte.
You closely miss the centaur warrior.
You bite the centaur warrior, but do no damage.
The centaur warrior is almost dead.
You hit the centaur warrior but do no damage.
Your bite misses the centaur warrior.
The centaur warrior is almost dead.
The centaur warrior hits you but does no damage.
The centaur warrior hits you!
You die...
Xom chuckles heartily!

### ### ##########.#
######.#
......†....####.@....#
##########....#c####.#
####### ####.#.# #.#
......#######.#.# #.#
#####[....).....# #.#
# #...........# #.# #
#.....)))...# #.# #
#...........# #.#####
# #...........#
#.....#


You could see a centaur warrior.

Vanquished Creatures
  An unseen horror (shapeshifter) (D:8)
  Grinder (D:6)
  A wyvern (D:8)
  An ice beast (D:6)
  2 orc warriors
  An eye of draining (D:8)
  3 phantoms
  An ogre (D:8)
  3 centaurs
  Blork the orc (D:4)
  5 bullfrogs
  A scorpion (D:5)
  2 howler monkeys (D:8)
  4 crimson imps
  A bullfrog zombie (D:6)
  2 hounds (D:5)
  A jelly (D:5)
  Crazy Yiuf (D:6)
  A gnoll shaman (D:7)
  An orc priest (D:8)
  3 orc wizards
  An iguana (D:5)
  2 worker ants
  3 hound zombies
  A hound skeleton (D:5)
  3 worker ant zombies
  Robin (D:1)
  6 gnolls
  7 adders
  An ooze (D:4)
  3 adder skeletons
  2 worms
  A dart slug (D:1)
  10 leopard geckos
  22 orcs
  2 ball pythons (D:3)
  4 giant cockroaches
  13 goblins
  4 hobgoblins
  9 jackals
  2 quokkas
  4 bats
  4 frilled lizards
  6 kobolds
  2 quokka skeletons (D:6)
  9 rats
159 creatures vanquished.

Vanquished Creatures (collateral kills)
  A howler monkey (D:5)
  A crimson imp (D:5)
2 creatures vanquished.

Grand Total: 161 creatures vanquished

Notes
Turn   | Place    | Note
-------+----------+-------------------------------------------
     0 | D:1      | Jerry the Vine Stalker Fighter began the quest for the Orb.
     0 | D:1      | Reached XP level 1. HP: 11/11 MP: 2/2
    45 | D:1      | Found a shimmering altar of Xom.
   140 | D:1      | Reached skill level 2 in Long Blades
   155 | D:1      | Reached XP level 2. HP: 16/16 MP: 1/3
   713 | D:1      | Became a worshipper of Xom of Chaos
   750 | D:2      | Reached XP level 3. HP: 9/20 MP: 2/4
   860 | D:2      | XOM: harmless Chrm miscast
  1022 | D:2      | Noticed Robin
  1150 | D:1      | Killed Robin
  1260 | D:2      | Reached skill level 3 in Long Blades
  1260 | D:2      | Gained mutation: Your natural rate of healing is unusually
                  | fast. [Vine Stalker growth]
  1260 | D:2      | Reached XP level 4. HP: 18/24 MP: 2/5
  1592 | D:2      | XOM: harmless Conj miscast
  1608 | D:2      | Reached XP level 5. HP: 28/28 MP: 6/6
  1852 | D:2      | XOM: mild Ice miscast
  2263 | D:3      | XOM: silly message
  2345 | D:3      | XOM: divination: detect creatures
  2624 | D:4      | Found a staircase to the Ecumenical Temple.
  2631 | D:4      | Noticed Blork the orc
  2634 | D:4      | XOM: 3-stop teleportation journey
  2635 | D:4      | XOM: confuse monster(s)
  2683 | D:4      | XOM: 4-stop teleportation journey
  2716 | D:4      | XOM: summons friendly shadow imp
  2722 | D:4      | XOM: butterfly on damage
  2723 | D:4      | XOM: give mutation
  2723 | D:4      | Gained mutation: You have sharp fingernails. [Xom's grace]
  2731 | D:4      | Killed Blork the orc
  2731 | D:4      | Reached XP level 6. HP: 17/32 MP: 3/7
  2806 | D:4      | Reached skill level 4 in Long Blades
  3051 | D:4      | XOM: god gift: jewelled hat {god gift}
  3052 | D:4      | Got a jewelled hat {god gift}
  3064 | D:4      | Identified the +1 hat of Focus {+Inv rF+ Str+9 Dex-5} (Xom
                  | gifted it to you on level 4 of the Dungeon)
  3119 | D:4      | XOM: give mutations
  3119 | D:4      | Gained mutation: Your spells are a little harder to cast,
                  | but a little more powerful. [Xom's grace]
  3119 | D:4      | Gained mutation: Your flesh is heat resistant. (rF+) [Xom's
                  | grace]
  3245 | D:5      | Entered Level 5 of the Dungeon
  3262 | D:5      | XOM: enchant monster (good)
  3336 | D:5      | XOM: scenery: create altars
  3366 | D:5      | XOM: divination: detect creatures
  3368 | D:5      | XOM: divination: detect items
  3372 | D:5      | Reached skill level 5 in Long Blades
  3372 | D:5      | Reached XP level 7. HP: 34/36 MP: 6/8
  3426 | D:5      | Found a hide-covered altar of Uskayaw.
  3429 | D:5      | Found a shimmering altar of Xom.
  3432 | D:5      | Found a shattered altar of Ashenzari.
  3502 | D:5      | Found a blossoming altar of Fedhas.
  3659 | D:5      | XOM: confuse monster(s)
  3710 | D:5      | XOM: swap monsters
  3711 | D:5      | XOM: summons 2 friendly demons
  4002 | D:5      | XOM: smoke on damage
  4008 | D:5      | XOM: potion effect (brilliance)
  4017 | D:5      | XOM: fog
  4236 | D:5      | Gained mutation: You have razor-sharp teeth. [Vine Stalker
                  | growth]
  4236 | D:5      | Reached XP level 8. HP: 28/42 MP: 5/9
  4237 | D:5      | Reached skill level 6 in Long Blades
  4306 | D:6      | Found a runed translucent door.
  4307 | D:6      | Noticed Crazy Yiuf
  4316 | D:6      | Killed Crazy Yiuf
  4353 | D:6      | Noticed Grinder
  4354 | D:6      | Paralysed by Grinder for 7 turns
  4402 | D:6      | XOM: scenery: create altars
  4422 | D:6      | Killed Grinder
  4485 | D:6      | XOM: smoke on damage
  4616 | D:6      | Reached skill level 5 in Fighting
  4616 | D:6      | Reached skill level 7 in Long Blades
  4798 | D:6      | XOM: repel stairs
  4803 | D:6      | XOM: cleaving
  4948 | D:6      | Reached XP level 9. HP: 32/47 MP: 7/10
  4959 | D:6      | Reached skill level 1 in Stealth
  4986 | D:7      | Found Keunk's Antique Weapon Shop.
  4990 | D:7      | Bought a brightly glowing long sword for 221 gold pieces
  4991 | D:7      | Identified the +8 long sword "Bejisto" {slice, *Slow MP+9
                  | Int+7} (You bought it in a shop on level 7 of the Dungeon)
  5055 | D:7      | Reached skill level 1 in Evocations
  5079 | D:7      | XOM: summons 4 hostile demons
  5080 | D:7      | Noticed a rust devil
  5080 | D:7      | Noticed a hellwing
  5082 | D:8      | XOM: noise
  5102 | D:8      | XOM: harmless Conj miscast
  5215 | D:8      | XOM: polymorph iguana -> shapeshifter
  5235 | D:8      | Killed an unseen horror
  5235 | D:8      | Reached skill level 8 in Long Blades
  5235 | D:8      | Reached skill level 5 in Armour
  5438 | D:8      | XOM: give mutations
  5438 | D:8      | Gained mutation: You are frail. (-10% HP) [Xom's mischief]
  5438 | D:8      | Gained mutation: Your body sometimes deteriorates upon
                  | taking damage. [Xom's mischief]
  5574 | D:8      | Noticed a manticore
  5574 | D:8      | XOM: butterfly on damage
  5582 | D:8      | Lost mutation: Your spells are a little harder to cast, but
                  | a little more powerful. [potion of mutation]
  5582 | D:8      | Lost mutation: Your body sometimes deteriorates upon taking
                  | damage. [potion of mutation]
  5582 | D:8      | Lost mutation: You have sharp fingernails. [potion of
                  | mutation]
  5582 | D:8      | Gained mutation: Your magical capacity is low. (-10% MP)
                  | [potion of mutation]
  5582 | D:8      | Gained mutation: Your muscles are strong. (Str +2) [potion
                  | of mutation]
  5582 | D:8      | Gained mutation: You expend magic power (3 MP) to
                  | strengthen your wands. [potion of mutation]
  5664 | D:8      | Identified the +4 great sword "Rakeumyrgh" {drain, Str+3}
  5664 | D:8      | Identified the ring of Riegenn {rF+ rC+ rN+}
  5664 | D:8      | Noticed a centaur warrior
  5670 | D:8      | XOM: scenery: 1 doors open, 1 doors close
  5692 | D:8      | Reached XP level 10. HP: 15/47 MP: 11/11
  5805 | D:8      | XOM: stat loss: -1 Dex (10/11)
  5806 | D:8      | Noticed a two-headed ogre
  5806 | D:8      | XOM: noise
  5810 | D:8      | XOM: give mutations
  5810 | D:8      | Lost mutation: Your muscles are strong. (Str +2) [Xom's
                  | mischief]
  5810 | D:8      | Gained mutation: You are agile. (Dex +2) [Xom's mischief]
  5810 | D:8      | Gained mutation: You are dopey. (Int -2) [Xom's mischief]
  5811 | D:8      | XOM: 2-stop teleportation journey
  5829 | D:8      | Noticed a centaur warrior
  5845 | D:8      | HP: 2/47 [centaur warrior (3)]
  5847 | D:8      | Slain by a centaur warrior

Levels and vault maps discovered:
D:1:      psy_arrival_statuary, layout_basic, kennysheep_nondescript,
          minmay_hexomino_r4
D:2:      layout_loops_ring, kennysheep_generic_room_7, uniq_robin
D:3:      layout_loops_ring
D:4:      layout_loops_ring, minmay_temple_entry_butterflies, uniq_blork_the_orc
D:5:      layout_basic, grunt_temple_overflow_diamond, basic_altar, first_ration
D:6:      layout_rooms, uniq_grinder, uniq_crazy_yiuf_cottage
D:7:      layout_loops_ring, gammafunk_temple_overflow_arena, serial_shops, shop
D:8:      minmay_the_grid_octo_tiled_octocenter
          [minmay_the_grid_octo_tetromino_candy, minmay_the_grid_octo_checkered,
          minmay_the_grid_octo_77, minmay_the_grid_octo_horde,
          minmay_the_grid_octo_prize_square_snowflake,
          minmay_the_grid_square_5x5_bridge, minmay_the_grid_square_5x5_fat_x,
          minmay_the_grid_square_5x5_two_small,
          minmay_the_grid_square_5x5_checkered], layout_basic, serial_shops,
          nicolae_shop_crystal, gammafunk_ghost_cemetery

Skill      XL: |  1  2  3  4  5  6  7  8  9 |
---------------+----------------------------+-----
Long Blades    | 2 3 5 7 8 |  8.6
Fighting       | 3 4 5 6 |  6.0
Armour         | 3 4 5 |  5.4
Shields        | 4 |  4.1
Stealth        | 4 |  4.2
Evocations     | 2 |  2.7

Action                   |  1- 3 |  4- 6 |  7- 9 | 10-12 || total
-------------------------+-------+-------+-------+-------++-------
Melee: Long sword        |    72 |   171 |   277 |    21 ||   541
       Bite              |    23 |    62 |    97 |    11 ||   193
Evoke: Wand              |       |     1 |     7 |       ||     8
  Use: Scroll            |     4 |     7 |     4 |     1 ||    16
       Potion            |       |       |     6 |       ||     6
 Stab: Confused          |       |       |     2 |       ||     2
       Sleeping          |       |       |     1 |       ||     1
  Eat: Chunk             |     1 |     7 |     8 |       ||    16
Armor: Scale mail        |    42 |    90 |   107 |     5 ||   244
Dodge: Dodged            |    46 |    75 |   146 |    12 ||   279
Block: Buckler           |       |    21 |    56 |     6 ||    83
       Rpst.: Long sword |    19 |    21 |    31 |     2 ||    73
